 Dungeon Crawl Stone Soup version 0.22-a0-358-g7563fe7 (webtiles) character file.

69 Amnesiac the Conjurer (level 4, -1/27 HPs)
             Began as a Deep Elf Conjurer on Apr 18, 2018.
             Slain by an adder (3 damage)
             ... on level 1 of the Dungeon.
             The game lasted 00:01:38 (1414 turns).

Amnesiac the Conjurer (Deep Elf Conjurer)           Turns: 1414, Time: 00:01:38

Health: -1/27      AC:  2    Str:  4 (5)  XL:     4   Next: 2%
Magic:  1/11       EV: 12    Int: 18 (21) God:
Gold:   75         SH:  0    Dex: 12 (15) Spells: 6/9 levels left

rFire    . . .     SeeInvis .   (no weapon)
rCold    . . .     Gourm    .   (no shield)
rNeg     . . .     Faith    .   a - +0 robe
rPois    .         Spirit   .   (no helmet)
rElec    .         Reflect  .   (no cloak)
rCorr    .         Harm     .   (no gloves)
MR       .....                  (no boots)
Stlth    ++........             (no amulet)
HPRegen  0.09/turn              (no ring)
MPRegen  0.12/turn              (no ring)

@: very slightly contaminated
A: no striking features
a: no special abilities


You were on level 1 of the Dungeon.
You were not hungry.

You visited 1 branch of the dungeon, and saw 2 of its levels.

You collected 75 gold pieces.

Inventory:

Armour
 a - a +0 robe (worn)
Jewellery
 i - an uncursed ring of ice
Scrolls
 b - a scroll of immolation {!r, unknown}
 d - a scroll of teleportation {!r, unknown}
 g - 2 scrolls of identify {!r, unknown}
 h - a scroll of remove curse {!r, unknown}
 j - 2 scrolls of noise {!r, unknown}
 m - a scroll of magic mapping {!r, unknown}
Potions
 e - a potion of degeneration {!q}
 l - a potion of flight {!q, unknown}
Comestibles
 c - 2 rations
 f - 4 chunks of flesh


   Skills:
 - Level 2.4 Fighting
 - Level 2.4 Dodging
 - Level 2.4 Stealth
 + Level 3.4 Spellcasting
 * Level 4.8 Conjurations


You had 6 spell levels left.
You knew the following spells:

 Your Spells              Type           Power        Failure   Level  Hunger
a - Magic Dart            Conj           ###.         2%          1    None
e - Searing Ray           Conj           ###...       3%          2    ##.....


Dungeon Overview and Level Annotations

Branches:
Dungeon (2/15)

Altars:


Message History

You don't have enough magic to cast that spell.
Casting: Magic Dart (safe; 1% risk of failure)
Confirm with . or Enter, or press ? or * to list all spells.
You don't have enough magic to cast that spell.
Casting: Magic Dart (safe; 1% risk of failure)
Confirm with . or Enter, or press ? or * to list all spells.
You don't have enough magic to cast that spell.
The adder barely misses you.
Casting: Magic Dart (safe; 1% risk of failure)
Confirm with . or Enter, or press ? or * to list all spells.
Aiming: Magic Dart (safe; 1% risk of failure)
Press: ? - help, Shift-Dir - straight line, f/p - adder
Aim: an adder (moderately wounded)
The magic dart hits the adder.
The adder is heavily wounded.
The adder closely misses you.
Casting: Magic Dart (safe; 1% risk of failure)
Confirm with . or Enter, or press ? or * to list all spells.
You don't have enough magic to cast that spell.
The adder bites you.
* * * LOW HITPOINT WARNING * * *
You are poisoned.
The adder poisons you!
Casting: Magic Dart (safe; 1% risk of failure)
Confirm with . or Enter, or press ? or * to list all spells.
You don't have enough magic to cast that spell.
You feel sick.
Casting: Magic Dart (safe; 1% risk of failure)
Confirm with . or Enter, or press ? or * to list all spells.
You don't have enough magic to cast that spell.
You feel sick. The adder bites you.
* * * LOW HITPOINT WARNING * * *
Really quaff
e - 2 bubbling purple potions {!q}?
It was a potion of degeneration {!q}.
There was something very wrong with that liquid.
You feel weakened.
You feel dopey.
You feel clumsy. The adder bites you.
* * * LOW HITPOINT WARNING * * *
Really quaff
k - a fuming sapphire potion {!q}?
It was a potion of curing {!q}.
You feel better. The adder bites you.
* * * LOW HITPOINT WARNING * * *
The gnoll hits you from afar with a spear.
* * * LOW HITPOINT WARNING * * *
The adder barely misses you.
Your magical contamination has completely faded away.
The adder misses you.
There is an open door here.
The adder barely misses you.
There is a stone staircase leading up here.
The adder bites you.
* * * LOW HITPOINT WARNING * * *
You climb upwards.
There is a stone staircase leading down here.
Casting: Magic Dart (safe; 2% risk of failure)
Confirm with . or Enter, or press ? or * to list all spells.
Aiming: Magic Dart (safe; 2% risk of failure)
Press: ? - help, Shift-Dir - straight line, f - adder
Aim: an adder (heavily wounded)
You miscast Magic Dart.
You are very lightly contaminated with residual magic.
Your skin tingles.
The adder bites you.
* * * LOW HITPOINT WARNING * * *
The adder bites you.
You die...

###############
#.............#
#.###########.#
#.#.#########.# ######
#.#...........# #.....
#.#.########### #.....
#.#.# #.....
#.#.###############.....
###.#...S@................
#.......#.###########.....
#.......(........# #.....
#...(...#........####.....
#.......#.................
#.......#........#########
#########.................
#......#####...........
#.###### #...........


You could see an adder.

Vanquished Creatures
  2 gnolls (D:2)
  An ooze (D:1)
  2 worms (D:2)
  A dart slug (D:1)
  A leopard gecko (D:1)
  3 giant cockroaches
  6 goblins
  5 hobgoblins
  4 bats
  5 kobolds (D:1)
  6 rats (D:1)
36 creatures vanquished.

Notes
Turn   | Place    | Note
-------+----------+-------------------------------------------
     0 | D:1      | Amnesiac the Deep Elf Conjurer began the quest for the Orb.
     0 | D:1      | Reached XP level 1. HP: 10/10 MP: 6/6
   104 | D:1      | Reached skill level 1 in Fighting
   163 | D:1      | Reached XP level 2. HP: 16/16 MP: 2/8
   218 | D:1      | Learned a level 2 spell: Searing Ray
   732 | D:1      | Reached XP level 3. HP: 21/21 MP: 4/9
  1372 | D:2      | Reached XP level 4. HP: 13/27 MP: 0/11
  1414 | D:1      | Slain by an adder

Vault maps used:
D:1:      eino_arrival_water_cross, kennysheep_pointless_box
D:2:      hangedman_abyss_or_decor_lesser_grid, grunt_ministairs_9

Skill      XL: |  1  2 |
---------------+-------+-----
Fighting       | 1 2 |  2.4
Dodging        | |  2.4
Stealth        | |  2.4
Spellcasting   | |  3.4
Conjurations   | |  4.8

Action                   |  1- 3 |  4- 6 || total
-------------------------+-------+-------++-------
Melee: Unarmed           |     5 |       ||     5
 Cast: Magic Dart        |    90 |     3 ||    93
  Use: Potion            |       |     2 ||     2
  Eat: Chunk             |     1 |       ||     1
Armor: Robe              |     2 |       ||     2
Dodge: Dodged            |     8 |     9 ||    17

Table legend:
 A = Spawn XP
 B = Non-spawn XP
 C = Spawn XP percentage of total XP
 D = Spawn monster count
 E = Non-spawn monster count
 F = Spawn count percentage of total count
 G = Total turns spent on level
                    A         B        C        D         E        F      G
               +---------+---------+-------+---------+---------+-------+---------
         Total |       0 |      99 |   0.0 |       0 |      36 |   0.0 |  1414
               +---------+---------+-------+---------+---------+-------+---------
           D:1 |       0 |      42 |   0.0 |       0 |      23 |   0.0 |   875
           D:2 |       0 |      57 |   0.0 |       0 |      13 |   0.0 |   539
               +---------+---------+-------+---------+---------+-------+---------
